 Dungeon Crawl Stone Soup version 0.30.0-29-ga12c61a403 (webtiles) character file.

Game seed: 15593007822265497248

2846 seaoflcl the Protected (level 9, -7/74 HPs)
             Began as a Gnoll Wanderer on June 4, 2023.
             Was an Initiate of Ru.
             Killed from afar by Maggie (25 damage)
             ... with a bolt of fire
             ... on level 8 of the Dungeon.
             The game lasted 00:13:48 (7761 turns).

seaoflcl the Protected (Gnoll Wanderer)             Turns: 7761, Time: 00:13:49

Health: -7/74      AC: 13    Str: 19    XL:     9   Next: 74%
Magic:  35/35      EV:  9    Int:  9    God:    Ru [......]
Gold:   364        SH:  0    Dex: 11    Spells: 18/19 levels left

rFire   x . .        x - +4 mace
rCold   + . .        (no shield)
rNeg    . . .        d - +0 chain mail
rPois   +            (no helmet)
rElec   .            (no cloak)
rCorr   .            (no gloves)
SInv    .            E - +0 pair of boots
Will    .....        v - amulet of Zampy {RegenMP -Tele rPois rF- MP+9} Stlth
                     w - ring of protection from cold
HPRegen 0.32/turn    A - ring of magical power
MPRegen 0.64/turn

%: no teleportation
@: mesmerised
A: fangs 1, no stealth, strong nose, distributed training
a: Renounce Religion


You were on level 8 of the Dungeon.
You worshipped Ru.
Ru was noncommittal.
You visited 2 branches of the dungeon, and saw 9 of its levels.

You collected 364 gold pieces.

Inventory:

Hand Weapons
 g - a +0 mace
 h - a +0 shortbow
 p - a +0 sling
 x - a +4 mace (weapon)
Missiles
 f - 4 javelins (quivered)
 n - 47 stones
 J - 2 throwing nets
Armour
 d - a +0 chain mail (worn)
 u - the +4 ring mail of Death's Door {+Inv}
   (You found it on level 3 of the Dungeon)

   +Inv:      It lets you turn invisible.
 E - a +0 pair of boots (worn)
 H - an orb of energy
Magical Staves
 y - a staff of conjuration
Jewellery
 v - the amulet of Zampy (around neck) {RegenMP -Tele rPois rF- MP+9}
   (You found it on level 3 of the Dungeon)

   [amulet of magic regeneration]

   It increases your rate of magic regeneration.
   rF:        It makes you vulnerable to fire.
   rPois:     It protects you from poison.
   MP:        It affects your magic capacity (+9).
   -Tele:     It prevents most forms of teleportation.
 w - a ring of protection from cold (left hand)
 A - a ring of magical power (right hand)
 G - a ring of see invisible
Wands
 D - a wand of quicksilver (2)
Scrolls
 a - a scroll of blinking {unknown}
 b - 2 scrolls of teleportation
 c - a scroll of poison {unknown}
 e - a scroll of silence {unknown}
 j - 5 scrolls of noise
 k - 3 scrolls of enchant armour
 l - a scroll of fear {unknown}
 s - 2 scrolls of magic mapping {unknown}
 C - a scroll of enchant weapon {unknown}
 F - a scroll of torment {unknown}
Potions
 i - 2 potions of cancellation
 m - a potion of mutation {unknown}
 o - a potion of ambrosia {unknown}
 q - a potion of degeneration {unknown}
 r - 3 potions of might
 t - 5 potions of brilliance
 z - a potion of haste {unknown}
 B - a potion of attraction {unknown}
 I - a potion of flight {unknown}


   Skills:
 + Level 8.1 Fighting
 + Level 4.7 Short Blades
 + Level 4.7 Long Blades
 + Level 4.7 Axes
 + Level 4.7 Maces & Flails
 + Level 4.7 Polearms
 + Level 4.7 Staves
 + Level 4.7 Ranged Weapons
 + Level 4.7 Throwing
 + Level 9.8 Armour
 + Level 4.7 Dodging
   Level 0.0 Stealth
 + Level 4.7 Shields
 + Level 4.7 Unarmed Combat
 + Level 5.5 Spellcasting
 + Level 3.9 Conjurations
 + Level 3.9 Hexes
 + Level 3.9 Summonings
 + Level 3.9 Necromancy
 + Level 5.5 Translocations
 + Level 3.9 Transmutations
 + Level 3.9 Fire Magic
 + Level 3.9 Ice Magic
 + Level 3.9 Air Magic
 + Level 3.9 Earth Magic
 + Level 3.9 Poison Magic
 + Level 5.2 Invocations
 + Level 4.7 Evocations


You had 18 spell levels left.
You knew the following spells:

 Your Spells              Type           Power      Damage    Failure   Level
a - Apportation           Tloc           24%        N/A       14%         1

Your spell library contained the following spells:

 Spells                   Type           Power      Damage    Failure   Level
 Portal Projectile        Hex/Tloc       22%        N/A       52%         3
 Passage of Golubria      Tloc           12%        N/A       80%         4
 Alistair's Intoxication  Tmut/Pois      6%         N/A       100%        5
 Silence                  Hex/Air        4%         N/A       100%        5
 Lehudib's Crystal Spear  Conj/Erth      4%         10d3      100%        8


Dungeon Overview and Level Annotations

Branches:
Dungeon (8/15)             Temple (1/1) D:4
   Lair: D:8-11

Altars:
Ashenzari
Cheibriados
Dithmenos
Elyvilon
Fedhas
Hepliaklqana
Kikubaaqudgha
Makhleb
Nemelex Xobeh
Okawaru
Qazlal
Ru
Sif Muna
Trog
Uskayaw
Vehumet
Wu Jian
Xom
Yredelemnul
Zin
The Shining One

Annotations:
D:8 Maggie


Innate Abilities, Weirdness & Mutations

You have very sharp teeth.
You cannot be stealthy.
Your uncanny sense of smell can sniff out nearby items.
Your experience applies equally to all skills.


Message History

You cannot move away from Maggie!
You are no longer entranced.
You sock Maggie!
Maggie is lightly wounded.
Maggie hits you with a +0 morningstar of flaming.
Maggie burns you.
You hit Maggie.
Maggie is moderately wounded.
Maggie hits you with a +0 morningstar of flaming.
Maggie burns you. Maggie closely misses you.
You completely miss Maggie. You punch Maggie, but do no damage.
You bite Maggie, but do no damage.
Maggie is moderately wounded.
Maggie hits you with a +0 morningstar of flaming!
Maggie burns you.
You hit Maggie.
Maggie is moderately wounded.
Maggie mumbles some strange words.
Maggie attempts to bespell you!
You are mesmerised by Maggie!
You sock Maggie!
Maggie is heavily wounded.
Maggie hits you with a +0 morningstar of flaming!
Maggie burns you.
You hit Maggie but do no damage. You punch Maggie.
Maggie is heavily wounded.
Maggie hits you with a +0 morningstar of flaming.
Maggie burns you.
You hit Maggie. You punch Maggie, but do no damage.
Maggie is heavily wounded.
Maggie hits you with a +0 morningstar of flaming.
Maggie burns you.
You hit Maggie but do no damage.
Maggie is heavily wounded.
Maggie hits you with a +0 morningstar of flaming!
Maggie burns you.
* * * LOW HITPOINT WARNING * * *
Maggie casts a spell at you. The bolt of fire hits you!!
The fire burns you terribly!
You die...

..## .... ∆
... ..♣ ..♣
..♣ #####
###..♣ ∆
...###.@@.♣
#.#...#..♣ ∆
#...###..♣
##########..##
....
#<..........#
.....
###########.#
###### #.# #.#
#.#


You could see Maggie (mesmerising).

Vanquished Creatures
  Grinder (D:3)
  Prince Ribbit (D:6)
  3 yaks (D:8)
  3 water moccasins
  A sky beast (D:6)
  An ice beast (D:5)
  A black bear (D:4)
  An ogre (D:7)
  3 centaurs
  A phantom (D:6)
  A gnoll sergeant (D:7)
  3 bullfrogs
  A scorpion (D:6)
  8 killer bees
  3 hounds
  A gnoll bouda (D:7)
  An orc priest (D:4)
  2 iguanas (D:5)
  8 gnolls (D:7)
  4 adders
  A shadow imp (D:5)
  A white imp (D:6)
  A worm (D:2)
  3 dart slugs
  5 orcs
  6 endoplasms
  5 giant cockroaches
  7 goblins
  4 hobgoblins
  8 jackals
  3 quokkas
  10 ball pythons
  7 bats
  5 frilled lizards
  4 kobolds
  2 rats
120 creatures vanquished.

Notes
Turn   | Place    | Note
-------+----------+-------------------------------------------
     0 | D:1      | seaoflcl the Gnoll Wanderer began the quest for the Orb.
     0 | D:1      | seaoflcl set off with the following items: a +0 club, a
                  | scroll of teleportation, a potion of lignification, a +0
                  | chain mail; and the following spell memorised: Apportation;
                  | and the following spells available to memorise: Portal
                  | Projectile.
     0 | D:1      | Reached XP level 1. HP: 23/23 MP: 4/4
   161 | D:1      | Reached XP level 2. HP: 27/29 MP: 5/5
   402 | D:1      | Found a faded altar of an unknown god.
   441 | D:1      | Reached XP level 3. HP: 35/35 MP: 7/7
   673 | D:2      | Reached skill level 1 in Invocations
   800 | D:2      | Reached skill level 1 in Short Blades
   800 | D:2      | Reached skill level 1 in Long Blades
   800 | D:2      | Reached skill level 1 in Axes
   800 | D:2      | Reached skill level 1 in Maces & Flails
   800 | D:2      | Reached skill level 1 in Polearms
   800 | D:2      | Reached skill level 1 in Staves
   800 | D:2      | Reached skill level 1 in Ranged Weapons
   800 | D:2      | Reached skill level 1 in Throwing
   800 | D:2      | Reached skill level 1 in Dodging
   800 | D:2      | Reached skill level 1 in Stealth
   800 | D:2      | Reached skill level 1 in Shields
   800 | D:2      | Reached skill level 1 in Unarmed Combat
   800 | D:2      | Reached skill level 1 in Evocations
   892 | D:2      | Reached XP level 4. HP: 37/41 MP: 8/8
   963 | D:2      | Found a glowing silver altar of Zin.
  1259 | D:3      | Identified the +4 ring mail of Death's Door {+Inv}
  1328 | D:3      | Identified the amulet of Zampy {RegenMP -Tele rPois rF-
                  | MP+9}
  1398 | D:3      | Reached skill level 1 in Conjurations
  1398 | D:3      | Reached skill level 1 in Hexes
  1398 | D:3      | Reached skill level 1 in Summonings
  1398 | D:3      | Reached skill level 1 in Necromancy
  1398 | D:3      | Reached skill level 1 in Transmutations
  1398 | D:3      | Reached skill level 1 in Fire Magic
  1398 | D:3      | Reached skill level 1 in Ice Magic
  1398 | D:3      | Reached skill level 1 in Air Magic
  1398 | D:3      | Reached skill level 1 in Earth Magic
  1398 | D:3      | Reached skill level 1 in Poison Magic
  1509 | D:3      | Noticed Grinder
  1515 | D:3      | Paralysed by Grinder for 4 turns
  1520 | D:3      | Killed Grinder
  1521 | D:3      | Reached XP level 5. HP: 42/47 MP: 10/10
  1521 | D:3      | Reached XP level 6. HP: 48/53 MP: 11/11
  1958 | D:4      | Noticed a black bear
  1978 | D:4      | Killed a black bear
  2030 | D:4      | Identified the +0 robe of the Hall of Blades {+Inv rC++
                  | Will+ Int-4 SInv}
  2312 | D:4      | Found a white marble altar of Elyvilon.
  2375 | D:4      | Reached XP level 7. HP: 51/60 MP: 12/12
  2481 | D:4      | Found a staircase to the Ecumenical Temple.
  2486 | Temple   | Entered the Ecumenical Temple
  2959 | Temple   | Became a worshipper of Ru the Awakened
  3553 | D:5      | Entered Level 5 of the Dungeon
  3951 | D:5      | Reached skill level 9 in Armour
  4085 | D:5      | Gained mutation: You cannot be stealthy. [Ru sacrifice]
  4126 | D:5      | Reached XP level 8. HP: 33/67 MP: 14/14
  4862 | D:6      | Noticed Prince Ribbit
  4881 | D:6      | Killed Prince Ribbit
  4882 | D:6      | Reached skill level 5 in Translocations
  5218 | D:6      | Reached XP level 9. HP: 73/73 MP: 16/16
  5721 | D:7      | Reached skill level 5 in Spellcasting
  7544 | D:8      | Reached skill level 5 in Invocations
  7747 | D:8      | Noticed Maggie
  7761 | D:8      | Killed from afar by Maggie

Illustrated notes

Levels and vault maps discovered:
D:1:      roderic_crop_circles_arrival_small, layout_rooms,
          shapermc_ecumenical_altar_mp_urbaneastern
D:2:      layout_basic, basic_altar, minivault_14
D:3:      layout_rooms, grunt_decor_resistance, uniq_grinder
D:4:      layout_layer_cave, elyvilon_altar_1, temple_doors_ab
D:5:      layout_basic
D:6:      layout_basic, chequers_serial_rivers_small_3, uniq_prince_ribbit1
D:7:      layout_layer_cave
D:8:      minmay_general_purpose_star, layout_basic,
          mainiacjoe_overflow_chevrons, uniq_maggie
Temple:   mainiacjoe_temple_cubbyholes

Skill      XL: |  1  2  3  4  5  6  7  8  9 |
---------------+----------------------------+-----
Invocations    | 1 2 3 4 5 |  5.2
Short Blades   | 1 2 3 4 |  4.7
Long Blades    | 1 2 3 4 |  4.7
Axes           | 1 2 3 4 |  4.7
Maces & Flails | 1 2 3 4 |  4.7
Polearms       | 1 2 3 4 |  4.7
Staves         | 1 2 3 4 |  4.7
Ranged Weapons | 1 2 3 4 |  4.7
Throwing       | 1 2 3 4 |  4.7
Dodging        | 1 2 3 4 |  4.7
Stealth        | 1 2 0 |  0.0
Shields        | 1 2 3 4 |  4.7
Unarmed Combat | 1 2 3 4 |  4.7
Evocations     | 1 2 3 4 |  4.7
Spellcasting   | 3 4 5 |  5.5
Conjurations   | 1 2 3 |  3.9
Hexes          | 1 2 3 |  3.9
Summonings     | 1 2 3 |  3.9
Necromancy     | 1 2 3 |  3.9
Transmutations | 1 2 3 |  3.9
Fire Magic     | 1 2 3 |  3.9
Ice Magic      | 1 2 3 |  3.9
Air Magic      | 1 2 3 |  3.9
Earth Magic    | 1 2 3 |  3.9
Poison Magic   | 1 2 3 |  3.9
Translocations | 4 5 |  5.5
Fighting       | 7 8 |  8.1
Armour         | 9 |  9.8

Action                     |  1- 3 |  4- 6 |  7- 9 || total
---------------------------+-------+-------+-------++-------
  Melee: Club              |    32 |       |       ||    32
         Mace              |    90 |    96 |   292 ||   478
         Bite              |    13 |    10 |    30 ||    53
         Punch             |     1 |     1 |    15 ||    17
  Throw: Javelin           |       |     1 |       ||     1
 Invoke: Sacrifice Stealth |       |       |     1 ||     1
    Use: Scroll            |       |     3 |     3 ||     6
         Potion            |       |       |    11 ||    11
 Armour: Chain mail        |    99 |    85 |   229 ||   413
         Skin              |       |       |    36 ||    36
  Dodge: Dodged            |    42 |    60 |   182 ||   284
